 Dungeon Crawl Stone Soup version 0.19-a0-1670-gc28a5d9 (webtiles) character file.

240 Musica the Shield-Bearer (level 6, -1/48 HPs)
             Began as a Formicid Fighter on Sept 22, 2016.
             Slain by Menkaure (7 damage)
             ... on level 4 of the Dungeon.
             The game lasted 00:07:05 (1851 turns).

Musica the Shield-Bearer (Formicid Fighter)         Turns: 1851, Time: 00:07:05

Health: -1/48      AC:  6    Str: 20      XL:     6   Next: 30%
Magic:  6/6        EV:  8    Int:  6 (8)  God:
Gold:   72         SH: 10    Dex: 12      Spells: 0 memorised, 5 levels left

rFire  . . .     SeeInvis +     a - +0 trident
rCold  . . .     Gourm    .     b - +0 scale mail
rNeg   . . .     Faith    .     c - +0 shield
rPois  .         Spirit   .     (helmet unavailable)
rElec  .         Dismiss  .     (no cloak)
rCorr  .         Reflect  .     (no gloves)
MR     .....     Harm     .     (no boots)
Stlth  ..........               (no amulet)
                                (no ring)
                                o - ring of teleportation (curse)

@: no status effects
A: permanent stasis, dig shafts and tunnels, four strong arms, antennae 3
a: Dig, Shaft Self


You were on level 4 of the Dungeon.
You were hungry.

You visited 1 branch of the dungeon, and saw 4 of its levels.

You collected 72 gold pieces.

Inventory:

Hand Weapons
 a - a +0 trident (weapon)
Armour
 b - a +0 scale mail (worn)
 c - a +0 shield (worn)
Jewellery
 o - a cursed ring of teleportation (left hand)
Scrolls
 g - a scroll of recharging
 h - 2 scrolls of fog
 i - a scroll of teleportation {unknown}
 j - a scroll of noise {unknown}
 m - 2 scrolls of amnesia {unknown}
 s - a scroll of random uselessness {unknown}
Potions
 q - a potion of invisibility {unknown}
Comestibles
 f - 2 bread rations
 p - 2 meat rations
 r - 5 chunks of flesh
 t - a slice of pizza


   Skills:
 + Level 4.1 Fighting
 + Level 4.2 Polearms
 - Level 3.2 Armour
 + Level 5.7 Shields


You had 5 spell levels left.
You didn't know any spells.

Dungeon Overview and Level Annotations

Branches:
Dungeon (4/15)
 Temple: D:4-7

Altars:

Annotations:
D:4 Menkaure


Innate Abilities, Weirdness & Mutations

You are under a permanent stasis effect.
You can dig through walls and to a lower floor.
Your four strong arms can wield two-handed weapons with a shield.
You have a pair of large antennae on your head. (SInv)


Message History

Menkaure casts a spell.
You puncture Menkaure!
Menkaure is almost destroyed.
Menkaure closely misses you.
You barely miss Menkaure.
Menkaure is almost destroyed.
You are feeling hungry.
Menkaure casts a spell.
You hit Menkaure but do no damage.
Menkaure is almost destroyed.
Menkaure calls on the powers of darkness!
Your body is wracked with pain!
* * * LOW HITPOINT WARNING * * *
Menkaure points at you and mumbles some strange words.
Pain shoots through your body!
* * * LOW HITPOINT WARNING * * *
You completely miss Menkaure.
Menkaure is severely damaged.
Menkaure hits you!
You die...

... ..# ... #.# #.# #.#
#M# #@# #.# #######
#######.## #.....#
$........########.###.#
#######....(........#.#
#...########.#.#.#
#.....# #.....# ##...##
###.### ##.## #.#


You could see Menkaure.

Vanquished Creatures
  An ogre (D:4)
  A howler monkey (D:4)
  An orc wizard (D:3)
  An iguana (D:4)
  2 adders (D:2)
  2 worms
  A dart slug (D:1)
  2 leopard geckos
  4 orcs (D:3)
  2 ball pythons
  3 giant cockroaches
  5 goblins (D:1)
  8 hobgoblins
  A quokka (D:2)
  4 bats
  4 frilled lizards
  3 kobolds
  4 rats
49 creatures vanquished.

Notes
Turn   | Place    | Note
-------+----------+-------------------------------------------
     0 | D:1      | Musica the Formicid Fighter began the quest for the Orb.
     0 | D:1      | Reached XP level 1. HP: 18/18 MP: 1/1
   153 | D:1      | Reached XP level 2. HP: 20/24 MP: 2/2
   181 | D:1      | Reached skill level 4 in Shields
   426 | D:1      | Reached XP level 3. HP: 22/29 MP: 3/3
   870 | D:2      | Reached XP level 4. HP: 18/37 MP: 4/4
  1673 | D:3      | Reached XP level 5. HP: 33/42 MP: 5/5
  1674 | D:3      | Reached skill level 5 in Shields
  1763 | D:4      | Noticed an ogre
  1773 | D:4      | Killed an ogre
  1837 | D:4      | Noticed Menkaure
  1842 | D:4      | Reached XP level 6. HP: 37/48 MP: 6/6
  1851 | D:4      | Slain by Menkaure

Vault maps used:
D:1:      kennysheep_arrival_forest, hex_large
D:2:      serial_forest, infiniplex_forest_end_2, infiniplex_forest_split,
          infiniplex_forest_clump_curved, infiniplex_forest_lined_room_2,
          first_bread
D:4:      bloody_trog, uniq_menkaure, uniq_duvessa, uniq_robin, uniq_natasha

Skill      XL: |  1  2  3  4  5 |
---------------+----------------+-----
Shields        | 4 5 |  5.7
Polearms       | 3 4 |  4.2
Fighting       | 4 |  4.1
Armour         | |  3.2

Action                   |  1- 3 |  4- 6 || total
-------------------------+-------+-------++-------
Melee: Trident           |   125 |   107 ||   232
  Use: Potion            |       |     5 ||     5
       Scroll            |       |     2 ||     2
  Eat: Chunk             |       |     3 ||     3
Armor: Scale mail        |    37 |    23 ||    60
Dodge: Dodged            |    32 |    32 ||    64
Block: Shield            |    59 |    40 ||    99
